 Seeded DCSS version 0.30.1-9-gdf580d7c3d (webtiles) character file.

Game seed: 920673320228942481 (custom seed)

1194 Psyclone the Destroyer (level 8, 46/46 HPs)
             Began as an Octopode Conjurer on Oct 11, 2023.
             Quit the game on level 7 of the Dungeon.
             The game lasted 00:05:57 (3618 turns).

Psyclone the Destroyer (Octopode Conjurer)          Turns: 3618, Time: 00:05:57

Health: 46/46      AC:  1    Str:  6    XL:     8   Next: 44%
Magic:  12/12      EV: 13    Int: 22    God:
Gold:   4087       SH:  4    Dex: 11    Spells: 3/11 levels left

rFire   + . .        k - staff of fire
rCold   . . .        (no shield)
rNeg    . . .        (helmet restricted)
rPois   .            m - amulet of the acrobat
rElec   .            c - ring of wizardry
rCorr   .            (no ring)
SInv    .            (no ring)
Will    .....        (no ring)
Stlth   +++          (no ring)
HPRegen 0.27/turn    (no ring)
MPRegen 0.13/turn    (no ring)
                     (no ring)

%: acrobat, wizardry (x1)
@: no status effects
A: almost no armour, amphibious, 8 rings, camouflage 1, gelatinous body 1,
(nimble swimmer 1), tentacles, antennae 1, large bone plates 1, high MP 1,
passive freeze, sense surroundings 1, wild magic 1, evolution 1
a: no special abilities


You were on level 7 of the Dungeon.
You visited 1 branch of the dungeon, and saw 7 of its levels.

You collected 4128 gold pieces.
You spent 41 gold pieces at shops.

Inventory:

Magical Staves
 k - a staff of fire (weapon)
Jewellery
 c - a ring of wizardry (left tentacle)
 m - an amulet of the acrobat (around mantle)
Scrolls
 e - a scroll of amnesia {unknown}
 g - a scroll of fear {unknown}
 h - 2 scrolls of identify {unknown}
 o - a scroll of teleportation
 q - a scroll of enchant weapon {unknown}
Potions
 a - a potion of magic
 b - a potion of mutation
 d - a potion of lignification {unknown}
 f - 2 potions of degeneration {unknown}
 i - a potion of invisibility {unknown}
 j - a potion of heal wounds {unknown}
 l - 2 potions of curing {unknown}
 n - a potion of ambrosia {unknown}
 p - 2 potions of might {unknown}
 r - 2 potions of attraction {unknown}
 s - a potion of resistance {unknown}


   Skills:
 - Level 2.0 Dodging
 - Level 2.6 Stealth
 - Level 2.0 Spellcasting
 + Level 10.6 Conjurations


You had 3 spell levels left.
You knew the following spells:

 Your Spells              Type           Power      Damage    Failure   Level
a - Magic Dart            Conj           100%       1d8       1%          1
b - Searing Ray           Conj           100%       2d8       1%          2
c - Sandblast             Erth           4%         2d4       9%          1
d - Passwall              Tmut/Erth      1%         N/A       12%         2
q - Blink                 Tloc           4%         N/A       12%         2

Your spell library contained the following spells:

 Spells                   Type           Power      Damage    Failure   Level
 Foxfire                  Conj/Fire      100%       2x1d9     1%          1
 Dazzling Flash           Conj/Hex       66%        N/A       3%          3
 Stone Arrow              Conj/Erth      66%        3d11      3%          3
 Fulminant Prism          Conj/Hex       16%        3d10      9%          4
 Iskenderun's Mystic Bla  Conj/Tloc      33%        2d8       9%          4
 Fireball                 Conj/Fire      25%        3d11      21%         5
 Manifold Assault         Tloc           2%         N/A       52%         4
 Summon Lightning Spire   Summ/Air       2%         N/A       52%         4
 Starburst                Conj/Fire      25%        6d8       71%         6
 Plasma Beam              Fire/Air       2%         2x1d13    100%        6
 Storm Form               Tmut/Air       1%         N/A       100%        7
 Maxwell's Capacitive Co  Air            1%         ∞         100%        8


Dungeon Overview and Level Annotations

Branches:
Dungeon (7/15) Zot: 24816
 Temple: D:4-7

Altars:
Ashenzari
Fedhas
Gozag
Zin

Shops:
D:3 *:

Annotations:
D:5 Menkaure


Innate Abilities, Weirdness & Mutations

You cannot wear most types of armour.
You are amphibious.
You can wear up to eight rings at the same time.
Your skin changes colour to match your surroundings (Stealth+).
Your rubbery body absorbs attacks. (AC +1, EV +1)
((You are camouflaged when in or above water. (Stealth+)))
You have tentacles for arms and can constrict up to eight enemies at once.
You have a pair of small antennae on your head.
You are partially covered in large bone plates. (SH +4)
You have an increased reservoir of magic. (+10% MP)
A frigid envelope surrounds you and freezes all who hurt you.
You passively map a small area around you.
Your spells are a little harder to cast, but a little more powerful.
You have hidden genetic potential.


Message History

The searing ray hits the kobold!
You kill the kobold!
You now have 3/12 mp.
The searing ray hits the kobold!
You kill the kobold!
You finish channelling your searing ray.
You now have 2/12 mp.
Casting: Searing Ray (safe; 1% risk of failure)
Confirm with . or Enter, or press ? or * to list all spells.
Aiming: Searing Ray (safe; 1% risk of failure)
Press: ? - help, Shift-Dir - straight line, f - kobold
Aim: a kobold, wielding a +0 dagger and quivering poisoned darts (79% to hit)
The searing ray hits the kobold.
You kill the kobold! (Press . to maintain the ray.)
You now have 0/12 mp.
Without enough magic to sustain it, your searing ray dissipates.
Items here: $ ( )) †.
You see here a +0 club.
Items here: ( ))) ? ††.
Things that are here:
a +4 dagger; a +0 club; a kobold corpse You start resting.
HP restored.
Health restored: 46 You regained 2 mp, and now have 3/12 mp.
You start resting.
Magic restored.
MP restored: 12 You open the door.
There is an open door here.
There is an open door here.
Things that are here:
a +4 dagger; a +0 club; a kobold corpse
There is an open gate here.
You open the gate.
Found an opulent altar of Gozag.
Unknown command.
Unknown command.
Are you sure you want to abandon this character and quit the game? (Confirm with "yes".)

.........####.##.# *#.## #...
...............#.# * **..# #...
.........#######.# *#.## #..^
#'#######......##### #..# #...
#.# #.######...#######.###... #.#
#.# #._.#........##... #.# #.#
#...#.........#... #.#
#.######'''#............. ..#
#.....##@..#.......[#....
#########.###..'.P.'........#.#.#
..........# ##.'.P.'........+....
########### #.'.P.'........#...#
###...#.........>.##
#'''#........#### #...#........#
#._.#........# #...##########


There were no monsters in sight!

Vanquished Creatures
  A steam dragon (D:7)
  Duvessa (D:7)
  A sky beast (D:7)
  An orc warrior (D:7)
  A kobold brigand (D:7)
  Blork the orc (D:4)
  A gnoll sergeant (D:7)
  2 bullfrogs (D:7)
  2 scorpions
  Dowan (D:7)
  3 killer bees (D:7)
  A hound (D:4)
  An orc wizard (D:7)
  An adder (D:4)
  3 gnolls (D:7)
  A white imp (D:7)
  A worm (D:3)
  2 dart slugs
  10 orcs
  2 endoplasms
  A quokka (D:4)
  6 ball pythons
  A bat (D:3)
  7 kobolds
  3 rats
55 creatures vanquished.

Notes
Turn   | Place    | Note
-------+----------+-------------------------------------------
     0 | D:1      | Psyclone the Octopode Conjurer began the quest for the Orb.
     0 | D:1      | Reached XP level 1. HP: 11/11 MP: 3/3
   285 | D:1      | Identified 3 scrolls of acquirement
   285 | D:1      | Acquired 1312 gold pieces
   293 | D:1      | Acquired 1281 gold pieces
   308 | D:1      | Acquired 1321 gold pieces
   336 | D:2      | Reached XP level 2. HP: 17/17 MP: 0/5
   537 | D:3      | Learned a level 2 spell: Searing Ray
   698 | D:3      | Found Xyxiz's Assorted Antiques.
   709 | D:3      | Bought 2 fizzy ruby potions for 41 gold pieces
   766 | D:3      | Found Rylak's Book Boutique.
   817 | D:3      | Gained mutation: You are dopey. (Int -2) [potion of
                  | mutation]
   817 | D:3      | Gained mutation: You are occasionally teleported next to
                  | monsters. [potion of mutation]
   817 | D:3      | Gained mutation: One of your tentacles bears a spike.
                  | [potion of mutation]
   817 | D:3      | Gained mutation: You have hidden genetic potential. [potion
                  | of mutation]
   885 | D:4      | Reached skill level 5 in Conjurations
   885 | D:4      | Reached XP level 3. HP: 15/21 MP: 0/6
   902 | D:4      | Gained mutation: You have great hidden genetic potential.
                  | [hidden potential]
  1003 | D:4      | Noticed Blork the orc
  1015 | D:4      | Killed Blork the orc
  1016 | D:4      | Reached skill level 6 in Conjurations
  1016 | D:4      | Reached XP level 4. HP: 9/27 MP: 0/7
  1016 | D:4      | Reached XP level 5. HP: 10/31 MP: 0/8
  1028 | D:4      | Gained mutation: Your spells are a little harder to cast,
                  | but a little more powerful. [hidden potential]
  1028 | D:4      | Lost mutation: You have great hidden genetic potential.
                  | [hidden potential expressed]
  1276 | D:4      | Learned a level 2 spell: Blink
  1315 | D:5      | Entered Level 5 of the Dungeon
  1411 | D:5      | Noticed Menkaure
  1432 | D:6      | Noticed a phantom
  1435 | D:6      | Noticed a centaur
  1551 | D:7      | Noticed a steam dragon
  1557 | D:7      | Killed a steam dragon
  1558 | D:7      | Reached skill level 7 in Conjurations
  1558 | D:7      | Reached XP level 6. HP: 22/36 MP: 0/9
  1561 | D:7      | Noticed a sky beast
  1564 | D:7      | Gained mutation: You have great hidden genetic potential.
                  | [hidden potential]
  1637 | D:7      | Lost mutation: You are dopey. (Int -2) [potion of mutation]
  1637 | D:7      | Lost mutation: One of your tentacles bears a spike. [potion
                  | of mutation]
  1637 | D:7      | Lost mutation: You are occasionally teleported next to
                  | monsters. [potion of mutation]
  1637 | D:7      | Gained mutation: You are partially covered in large bone
                  | plates. (SH +4) [potion of mutation]
  1637 | D:7      | Gained mutation: You passively map a small area around you.
                  | [potion of mutation]
  1637 | D:7      | Gained mutation: You have a pair of small antennae on your
                  | head. [potion of mutation]
  1764 | D:7      | Learned a level 1 spell: Sandblast
  1867 | D:7      | Learned a level 2 spell: Passwall
  1932 | D:7      | Found a broken altar of Ashenzari.
  2115 | D:7      | Found a blossoming altar of Fedhas.
  2143 | D:7      | Reached skill level 8 in Conjurations
  2353 | D:7      | Noticed Dowan
  2354 | D:7      | Noticed Duvessa
  2368 | D:7      | Reached XP level 7. HP: 38/41 MP: 6/10
  2372 | D:7      | Killed Duvessa
  2378 | D:7      | Killed Dowan
  2379 | D:7      | Gained mutation: You have an increased reservoir of magic.
                  | (+10% MP) [hidden potential]
  2379 | D:7      | Lost mutation: You have great hidden genetic potential.
                  | [hidden potential expressed]
  2468 | D:7      | Reached skill level 9 in Conjurations
  2907 | D:7      | Found a glowing silver altar of Zin.
  3181 | D:7      | Reached skill level 10 in Conjurations
  3181 | D:7      | Reached XP level 8. HP: 46/46 MP: 7/12
  3196 | D:7      | Gained mutation: A frigid envelope surrounds you and
                  | freezes all who hurt you. [hidden potential]
  3617 | D:7      | Found an opulent altar of Gozag.
  3618 | D:7      | Quit the game

Illustrated notes

Levels and vault maps discovered:
D:1:      dpeg_arrival_orchard, layout_basic
D:2:      layout_loops_corners, uniq_natasha, uniq_crazy_yiuf_cottage
D:3:      layout_basic, serial_shops, nicolae_shop_stone, shop
D:4:      layout_basic, nicolae_figureground_sparkle, uniq_sigmund, uniq_robin,
          uniq_blork_the_orc
D:5:      layout_cave_pools, nicolae_ru_path_of_blood, minmay_quadrilaterals,
          uniq_menkaure, uniq_ijyb
D:6:      cheibrodos_barr_body, layout_rooms, lemuel_doored_altar,
          minmay_temple_entry_large_hall, hangedman_decor_growths,
          minmay_fractal_squares_gapless_5
D:7:      layout_basic, mainiacjoe_overflow_big_doors, lemuel_tele_altar,
          zin_scriptorium, nicolae_figureground_pulse, uniq_duvessa

Skill      XL: |  1  2  3  4  5  6  7 |
---------------+----------------------+-----
Conjurations   | 5 6 7 8 10 | 10.6
Dodging        | |  2.0
Stealth        | |  2.6
Spellcasting   | |  2.0

Action                     |  1- 3 |  4- 6 |  7- 9 || total
---------------------------+-------+-------+-------++-------
  Melee: Unarmed           |     2 |       |       ||     2
         Tentacles         |     2 |       |     4 ||     6
         Staff             |     2 |     4 |    10 ||    16
         Constrict         |     1 |     1 |     3 ||     5
   Cast: Magic Dart        |    24 |    12 |     2 ||    38
         Searing Ray       |     3 |     9 |    12 ||    24
         Passwall          |       |     1 |       ||     1
    Use: Scroll            |     3 |     1 |       ||     4
         Potion            |     1 |     1 |       ||     2
 Armour: Skin              |       |       |     1 ||     1
  Dodge: Dodged            |     4 |    18 |    34 ||    56
  Block: Other             |       |     2 |     3 ||     5
